 Dungeon Crawl Stone Soup version 0.26-a0-712-ga5a9c9c9d0 (webtiles) character file.

Game seed: 7410203590463873683

13621 CypherZel the Covert (level 12, 0/85 HPs)
             Began as an Octopode Transmuter on Nov 13, 2020.
             Was a Priest of Vehumet.
             Slain by a yak (15 damage)
             ... on level 2 of the Lair of Beasts.
             The game lasted 02:45:24 (19826 turns).

CypherZel the Covert (Octopode Transmuter)         Turns: 19826, Time: 02:45:25

Health: 0/85       AC:  1    Str: 15    XL:     12   Next: 7%
Magic:  20/25      EV: 15    Int: 20    God:    Vehumet [***...]
Gold:   566        SH:  0    Dex: 13    Spells: 20/29 levels left

rFire    . . .     SeeInvis .     - Unarmed
rCold    + . .     Faith    .   (shield currently unavailable)
rNeg     . . .     Spirit   .   (helmet restricted)
rPois    .         Reflect  .   (no amulet)
rElec    .         Harm     .   j - +6 ring of strength
rCorr    .         Rampage  .   p - ring of protection from cold
MR       .....                  (no ring)
Stlth    +++++.....             (no ring)
HPRegen  0.24/turn              (no ring)
MPRegen  0.19/turn              (no ring)
                                (no ring)
                                (no ring)

@: blade tentacles, wereblooded, hasted, very quick
A: almost no armour, stealthy swim, amphibious, 8 rings, constrict 8, camouflage
1, gelatinous body 1
a: End Transformation, Renounce Religion


You were on level 2 of the Lair of Beasts.
You worshipped Vehumet.
Vehumet was most pleased with you.
You had blades for tentacles.
You visited 2 branches of the dungeon, and saw 11 of its levels.

You collected 566 gold pieces.

Inventory:

Hand Weapons
 t - the +1 hand axe of Big Damage {drain, rElec}
   (You found it on level 6 of the Dungeon)

   A truly terrible weapon, it drains the life of those it strikes.
   It insulates you from electricity.
Missiles
 e - 2 javelins (quivered)
Armour
 a - a +1 buckler (melded)
Jewellery
 j - a +6 ring of strength (left scythe-like blade)
 p - a ring of protection from cold (right scythe-like blade)
Wands
 d - a wand of acid (10)
 i - a wand of flame (11)
 m - a wand of disintegration (4)
 y - a wand of enslavement (11)
 A - a wand of paralysis (2)
 B - a wand of iceblast (10)
Scrolls
 b - 5 scrolls of enchant weapon
 c - 3 scrolls of magic mapping
 l - a scroll of identify
 n - 4 scrolls of remove curse
 q - 4 scrolls of amnesia
 v - 2 scrolls of fear
 w - a scroll of vulnerability
Potions
 h - a potion of cancellation
 k - a potion of haste
 s - 3 potions of flight
 u - a potion of degeneration {unknown}
 z - a potion of mutation {unknown}


   Skills:
 - Level 9.0 Fighting
 - Level 4.0 Dodging
 - Level 9.0 Stealth
 - Level 4.0 Shields
 + Level 8.2 Unarmed Combat
 - Level 9.0 Spellcasting
 - Level 9.0 Transmutations


You had 20 spell levels left.
You knew the following spells:

 Your Spells              Type           Power        Failure   Level
a - Beastly Appendage     Tmut           #####.       9%          1
b - Wereblood             Tmut           #####...     10%         2
c - Shock                 Conj/Air       #...         12%         1
d - Blade Hands           Tmut           #####.....   34%         5

Your spell library contained the following spells:

 Spells                   Type           Power        Failure   Level
 Conjure Flame            Conj/Fire      #.......     22%         3
 Spider Form              Tmut/Pois      ####......   28%         3
 Ice Form                 Ice/Tmut       ####....     50%         4


Dungeon Overview and Level Annotations

Branches:
Dungeon (8/15)             Temple (0/1) D:6            Lair (3/6) D:8
  Snake (0/4) Lair:2
  Swamp: Lair:2-4    Shoals: Lair:2-4

Altars:
Vehumet

Shops:
D:4 }   D:6 [   D:8 *

Annotations:
D:4 exclusions: hound and skeleton, Eustachio
D:8 2 transporters, bmj180's ghost, novice MiFi
Lair:1 exclusions: black mamba and hydra
Lair:2 exclusion: hydra


Innate Abilities, Weirdness & Mutations

You cannot wear most types of armour.
You are very stealthy in the water. (Stealth+)
You are amphibious.
You can wear up to eight rings at the same time.
You can use your tentacles to constrict eight enemies at once.
Your skin changes colour to match your surroundings (Stealth+).
Your rubbery body absorbs attacks. (AC +1, EV +1)


Message History

You howl as the wereblood boils in your veins!
You climb downwards.
The bullfrog snags a nearby hornet with its tongue.
The yak gores you! x3
There is a stone staircase leading up, spattered with blood here.
The yak completely misses you. The yak gores you!
* * * LOW HITPOINT WARNING * * *
The yak barely misses you. The yak gores you.
* * * LOW HITPOINT WARNING * * *
The yak gores you.
* * * LOW HITPOINT WARNING * * *
You climb upwards.
Level annotation: exclusion: hydra
There is a stone staircase leading down here.
There are monsters nearby!
Okay, then.
You feel yourself speed up. The yak closely misses you. The yak gores you.
* * * LOW HITPOINT WARNING * * *
The yak gores you!
You die...

..###...##.........
..##.....#..###...#
..##.....##....#...
..#..###..##...'..##
..#.......##.......#
#...>...###.#....
#.......#.......#
#..###..#....YY.#
##.....##....†@.#
#.....#.....YYY##
##...##....(....#
##.####..#....##
##..[.....#....#
#....<.........#
##.............#
#.#...........##
#........P.....#


You could see 5 yaks.

Vanquished Creatures
  A catoblepas (Lair:2)
  A two-headed ogre (D:8)
  3 black mambas
  3 cane toads (Lair:1)
  3 komodo dragons
  8 blink frogs
  4 wyverns
  Grum (D:6)
  13 yaks
  5 basilisks
  4 nagas (Lair:2)
  3 water moccasins
  2 orc warriors
  2 ice beasts
  2 sky beasts (D:5)
  A swamp drake (D:8)
  A necrophage (D:8)
  5 ogres
  2 black bears
  A wolf (D:6)
  3 centaurs
  10 bullfrogs
  4 gnoll sergeants
  A water moccasin skeleton (D:8)
  2 jellies
  2 scorpions
  A wight (D:7)
  A quasit (D:5)
  2 bullfrog zombies
  A bullfrog skeleton (D:8)
  A centaur skeleton (D:6)
  2 gnoll shamans
  2 orc priests
  15 hounds
  8 orc wizards
  Jessica (D:2)
  Ijyb (D:5)
  Natasha (twice) (D:4)
  2 worker ants
  2 hound skeletons
  3 worker ant zombies
  Robin (D:2)
  20 gnolls
  5 adders
  A white imp (D:6)
  An ufetubus (D:6)
  3 adder skeletons
  2 adder zombies
  A worm (D:3)
  2 leopard geckos
  39 orcs
  4 giant cockroaches
  10 goblins
  11 hobgoblins
  5 jackals (D:6)
  5 kobolds
  2 quokkas
  A ball python (D:4)
  6 bats
  4 frilled lizards
  A jackal skeleton (D:6)
  8 rats
263 creatures vanquished.

Vanquished Creatures (others)
  36 fungi
  42 plants
78 creatures vanquished.

Grand Total: 341 creatures vanquished

Notes
Turn   | Place    | Note
-------+----------+-------------------------------------------
     0 | D:1      | CypherZel the Octopode Transmuter began the quest for the
                  | Orb.
     0 | D:1      | Reached XP level 1. HP: 13/13 MP: 3/3
   516 | D:1      | Reached XP level 2. HP: 19/19 MP: 5/5
  1158 | D:2      | Noticed Robin
  1214 | D:1      | Reached XP level 3. HP: 16/24 MP: 4/6
  1394 | D:2      | Noticed Jessica
  2242 | D:2      | Killed Robin
  2242 | D:2      | Reached XP level 4. HP: 30/30 MP: 5/7
  2297 | D:2      | Killed Jessica
  3421 | D:4      | Noticed a wyvern
  3423 | D:4      | Killed a wyvern
  3423 | D:4      | Reached XP level 5. HP: 37/37 MP: 7/9
  3423 | D:4      | Reached XP level 6. HP: 43/43 MP: 7/10
  3784 | D:4      | Noticed Eustachio
  4054 | D:4      | Reached XP level 7. HP: 39/48 MP: 10/12
  4142 | D:4      | Found Asua's Gadget Shoppe.
  4273 | D:4      | Learned a level 2 spell: Wereblood
  4303 | D:4      | Noticed Natasha
  4311 | D:4      | Killed Natasha
  4440 | D:5      | Entered Level 5 of the Dungeon
  4689 | D:4      | Reached skill level 5 in Transmutations
  4719 | D:4      | Noticed Natasha
  4986 | D:4      | Killed Natasha
  5445 | D:5      | Reached skill level 5 in Fighting
  5933 | D:5      | Noticed Ijyb
  5935 | D:5      | Killed Ijyb
  5935 | D:5      | Reached XP level 8. HP: 55/55 MP: 14/14
  6033 | D:5      | Reached skill level 5 in Unarmed Combat
  6370 | D:5      | Found a radiant altar of Vehumet.
  6385 | D:5      | Became a worshipper of Vehumet
  6671 | D:6      | Reached skill level 5 in Spellcasting
  6854 | D:5      | Noticed a rust devil
  6854 | D:5      | Noticed a rust devil
  7044 | D:6      | Got an ichor-stained hand axe
  7045 | D:6      | Identified the cursed +1 hand axe of Big Damage {drain,
                  | rElec} (You found it on level 6 of the Dungeon)
  7136 | D:6      | Found a staircase to the Ecumenical Temple.
  7392 | D:6      | Found Astreawe's Antique Armour Shoppe.
  7455 | D:6      | Reached * piety under Vehumet
  7455 | D:6      | Offered knowledge of Sandblast by Vehumet.
  7960 | D:5      | Reached XP level 9. HP: 51/62 MP: 16/16
  8026 | D:6      | Reached skill level 1 in Stealth
  9062 | D:6      | Noticed Grum
  9070 | D:6      | Killed Grum
  9190 | D:6      | Reached skill level 5 in Stealth
 10735 | D:6      | Reached ** piety under Vehumet
 10735 | D:6      | Offered knowledge of Shock by Vehumet.
 10738 | D:6      | Learned a level 1 spell: Shock
 10743 | D:6      | Learned a level 4 spell: Ice Form
 11322 | D:8      | Found Fepp's General Store.
 11647 | D:8      | Learned a level 5 spell: Blade Hands
 11879 | D:8      | Found a transporter.
 11880 | D:8      | Noticed bmj180's ghost (novice MiFi)
 11889 | D:8      | Found a transporter.
 12064 | D:8      | Noticed a two-headed ogre
 12073 | D:8      | Reached XP level 10. HP: 33/68 MP: 17/17
 13043 | D:8      | Killed a two-headed ogre
 13618 | D:8      | Offered knowledge of Conjure Flame by Vehumet.
 14353 | D:8      | Found a staircase to the Lair.
 14597 | Lair:1   | Entered Level 1 of the Lair of Beasts
 14849 | Lair:1   | Noticed a black mamba
 14894 | Lair:1   | Noticed a cane toad
 14905 | Lair:1   | Killed a cane toad
 15068 | Lair:1   | Noticed a cane toad
 15073 | Lair:1   | Killed a cane toad
 15073 | Lair:1   | Reached XP level 11. HP: 64/74 MP: 17/23
 15218 | Lair:1   | Noticed a six-headed hydra
 16926 | Lair:2   | Noticed a five-headed hydra
 17253 | Lair:2   | Noticed a catoblepas
 17394 | Lair:2   | Reached skill level 1 in Shields
 17827 | Lair:2   | Noticed a four-headed hydra
 18152 | Lair:2   | Killed a catoblepas
 18656 | Lair:2   | Found a staircase to the Snake Pit.
 19344 | Lair:3   | Reached *** piety under Vehumet
 19606 | Lair:3   | Reached XP level 12. HP: 69/84 MP: 25/25
 19826 | Lair:2   | Slain by a yak

Illustrated notes

Levels and vault maps discovered:
D:1:      minmay_arrival_four_houses, layout_rooms
D:2:      layout_basic, uniq_robin, uniq_jessica
D:3:      layout_basic
D:4:      layout_cave_pools, nicolae_ossuary_entry_monument, serial_shops,
          nicolae_shop_behind_doors, uniq_eustachio, uniq_natasha
D:5:      cheibrodos_iron_armory, layout_gridville, vehumet_crystals, uniq_ijyb
D:6:      layout_cave_pools, minmay_temple_entry_slanted, serial_gnoll_camp,
          gnoll_camp_huts_basic, gnoll_camp_mini_hut, grums_kennel,
          gnoll_camp_mini_basic, gnoll_camp_mini_shop, gnoll_camp_mini_house
D:7:      minmay_spotlight, layout_loops_corners
D:8:      layout_basic, erik_lair_dragon, serial_shops, shop,
          gammafunk_ghost_smash, hangedman_glass_teeth
Lair:1:   layout_roguey
Lair:2:   layout_chaotic_city, minmay_snake_entry_guardpost_medium,
          beast_lair_carwin_1, grunt_megastairs_5
Lair:3:   layout_misc_corridors, elwin_shoals_entry_rocks,
          chequers_serial_rivers_small_b, cheibrodos_lair_reptile_den,
          minmay_lair_oklob_chamber, serial_bayou_shore_b, grunt_megastairs_3,
          lemuel_fruit_tree, uniq_fannar

Skill      XL: |  1  2  3  4  5  6  7  8  9 10 11 12 |
---------------+-------------------------------------+-----
Fighting       | 2 3 4 5 6 8 9 |  9.0
Transmutations | 3 4 5 6 7 9 |  9.0
Spellcasting   | 3 4 5 8 9 |  9.0
Unarmed Combat | 4 6 8 |  8.2
Stealth        | 9 |  9.0
Dodging        | 4 |  4.0
Shields        | 4 |  4.0

Action                   |  1- 3 |  4- 6 |  7- 9 | 10-12 || total
-------------------------+-------+-------+-------+-------++-------
Melee: Unarmed           |    66 |    46 |   325 |   242 ||   679
       Constrict         |    23 |    12 |    93 |    30 ||   158
       Tentacles         |    10 |    10 |    79 |    51 ||   150
       Punch             |     2 |     3 |    20 |    15 ||    40
       Kick              |     8 |    10 |   107 |    23 ||   148
Throw: Boomerang         |    65 |    30 |    57 |       ||   152
       Javelin           |       |       |     2 |     4 ||     6
 Cast: Beastly Appendage |     9 |     8 |    53 |    16 ||    86
       Wereblood         |       |       |     2 |     8 ||    10
       Blade Hands       |       |       |       |    31 ||    31
Evoke: Wand              |       |     4 |    21 |    13 ||    38
  Use: Scroll            |     4 |     6 |     7 |     9 ||    26
       Potion            |       |       |     2 |    12 ||    14
 Stab: Sleeping          |       |     1 |     2 |     3 ||     6
       Invisible         |       |       |       |     3 ||     3
Armor: Skin              |    11 |     4 |    17 |    11 ||    43
Dodge: Dodged            |    69 |    22 |   189 |   116 ||   396
Block: Buckler           |       |       |       |     2 ||     2

Table legend: (Time is in decaauts)
 A = Elapsed time spent in this place.
 B = Non-inter-level travel time spent in this place.
 C = Inter-level travel time spent in this place.
 D = Time resting spent in this place.
 E = Time spent auto-exploring this place.
 F = Levels seen in this place.
 G = Mean time per level.
                   A        B        C        D        E       F      G
               +--------+--------+--------+--------+--------+-----+--------+
         Total |  19837 |  18634 |   1203 |   8226 |   4599 |  11 | 1803.4 |
       Dungeon |  14919 |  13951 |    968 |   5674 |   3648 |   8 | 1864.9 |
          Lair |   4918 |   4684 |    234 |   2551 |    951 |   3 | 1639.3 |
               +--------+--------+--------+--------+--------+-----+--------+

Top non-repeatable levels by time:
     D:8: 3167 daAuts
     D:6: 2778 daAuts
  Lair:1: 2097 daAuts
     D:5: 1943 daAuts
  Lair:2: 1940 daAuts
     D:7: 1668 daAuts
     D:4: 1507 daAuts
     D:1: 1496 daAuts
     D:2: 1330 daAuts
     D:3: 1028 daAuts
  Lair:3: 880 daAuts
